| TOP OF THE 1ST |
|
West Palm Beach Expos batting - Pitching for Tampa Pirates : RHP Andre Patillo
|
|
Pitching: RHP Andre Patillo
|
|
|
Batting: RHB Roland Oruna
|
0-0: Ball 1-0: Ball 2-0: Ball 3-0: Base on Balls
|
|
Batting: RHB Steve Kiefer
|
0-0: Fly out, F7 (Line Drive, 7, EV 94.4 MPH)
|
|
Batting: SHB Terry Pendleton
|
0-0: Ball 1-0: Called Strike 1-1: Ball 2-1: Swinging Strike 2-2: Strikes out swinging
|
|
Batting: LHB Keith Hughes
|
0-0: Ball 1-0: Ball 2-0: Ball 3-0: Base on Balls Roland Oruna to second
|
|
Batting: RHB Don Berti
|
0-0: Foul Ball, location: 2F 0-1: DOUBLE (Groundball, 3L, EV 98.1 MPH) Roland Oruna scores Keith Hughes to third
|
|
Batting: LHB Jesus Alfes
|
0-0: Ball 1-0: Foul Ball, location: 2F 1-1: Foul Ball, location: 2F 1-2: Strikes out swinging
|
| Top of the 1st over - 1 run, 1 hit, 0 errors, 2 left on base; West Palm Beach 1 - Tampa 0 |
| BOTTOM OF THE 1ST |
|
Tampa Pirates batting - Pitching for West Palm Beach Expos : RHP Carlos Montano
|
|
Pitching: RHP Carlos Montano
|
|
|
Batting: RHB Charles Jennings
|
0-0: Called Strike 0-1: Ball 1-1: Swinging Strike 1-2: Ball 2-2: Strikes out swinging
|
|
Batting: RHB Ricky Jones
|
0-0: Swinging Strike 0-1: Fly out, F7 (Flyball, 7LM, EV 103.1 MPH)
|
|
Batting: LHB Pedro Nunez
|
0-0: Called Strike 0-1: Foul Ball, location: 2F 0-2: Foul Ball, location: 2F 0-2: Ball 1-2: Ball 2-2: Fly out, F6 (Line Drive, 6, EV 65.0 MPH)
|
| Bottom of the 1st over - 0 runs, 0 hits, 0 errors, 0 left on base; West Palm Beach 1 - Tampa 0 |
| TOP OF THE 2ND |
|
West Palm Beach Expos batting - Pitching for Tampa Pirates : RHP Andre Patillo
|
|
Batting: RHB Matthew Gundelfinger
|
0-0: Foul Ball, location: 2F 0-1: Ground out 5-3 (Groundball, 5, EV 89.4 MPH)
|
|
Batting: RHB Humberto Cardenas
|
0-0: Called Strike 0-1: Ball 1-1: Ball 2-1: Foul Ball, location: 2F 2-2: Ball 3-2: Ground out 6-3 (Groundball, 6, EV 76.3 MPH)
|
|
Batting: RHB David DaCosta
|
0-0: Ball 1-0: Called Strike 1-1: Called Strike 1-2: Ball 2-2: Ball 3-2: SINGLE (Groundball, 4MD, EV 101.3 MPH)
|
|
Batting: RHB Roland Oruna
|
0-0: Foul Ball, location: 2F 0-1: Ground out 4-3 (Groundball, 4, EV 89.4 MPH)
|
| Top of the 2nd over - 0 runs, 1 hit, 0 errors, 1 left on base; West Palm Beach 1 - Tampa 0 |
| BOTTOM OF THE 2ND |
|
Tampa Pirates batting - Pitching for West Palm Beach Expos : RHP Carlos Montano
|
|
Batting: RHB Roy Wolfe
|
0-0: Ball 1-0: Ball 2-0: Foul Ball, location: 2F 2-1: Ball 3-1: Base on Balls
|
|
Batting: LHB David Frederick
|
0-0: Ball 1-0: SINGLE (Groundball, 6D, EV 95.6 MPH) Roy Wolfe to second
|
|
Batting: RHB Cliff Pastornicky
|
0-0: Ball 1-0: Called Strike 1-1: SINGLE (Groundball, 56D, EV 101.9 MPH) Roy Wolfe to third David Frederick to second
|
|
Batting: RHB James Padula
|
0-0: Foul Ball, location: 2F 0-1: Called Strike 0-2: Ball 1-2: Foul Ball, location: 2F 1-2: Foul Ball, location: 2F 1-2: Ball 2-2: Ball 3-2: Grounds into double play, 3-6-1 (Groundball, 3, EV 106.9 MPH) Roy Wolfe scores David Frederick to third
|
|
Batting: RHB Erwin Bryant
|
0-0: Called Strike 0-1: Ball 1-1: Called Strike 1-2: DOUBLE (Line Drive, 9LM, EV 91.9 MPH) David Frederick scores
|
|
Batting: RHB Roy Dixon
|
0-0: Called Strike 0-1: Called Strike 0-2: Ball 1-2: Strikes out swinging
|
| Bottom of the 2nd over - 2 runs, 3 hits, 0 errors, 1 left on base; West Palm Beach 1 - Tampa 2 |
| TOP OF THE 3RD |
|
West Palm Beach Expos batting - Pitching for Tampa Pirates : RHP Andre Patillo
|
|
Batting: RHB Steve Kiefer
|
0-0: Ball 1-0: Ground out 5-3 (Groundball, 56S, EV 88.8 MPH)
|
|
Batting: SHB Terry Pendleton
|
0-0: Called Strike 0-1: Fly out, F5 (Popup, 5SF, EV 85.0 MPH)
|
|
Batting: LHB Keith Hughes
|
0-0: Ball 1-0: Ball 2-0: Ball 3-0: Foul Ball, location: 2F 3-1: Base on Balls
|
|
Batting: RHB Don Berti
|
0-0: Ball 1-0: Called Strike 1-1: Swinging Strike 1-2: Foul Ball, location: 2F 1-2: Strikes out swinging
|
| Top of the 3rd over - 0 runs, 0 hits, 0 errors, 1 left on base; West Palm Beach 1 - Tampa 2 |
| BOTTOM OF THE 3RD |
|
Tampa Pirates batting - Pitching for West Palm Beach Expos : RHP Carlos Montano
|
|
Batting: RHB Charles Jennings
|
0-0: Ball 1-0: Swinging Strike 1-1: Called Strike 1-2: Strikes out swinging
|
|
Batting: RHB Ricky Jones
|
0-0: Fly out, F8 (Flyball, 89S, EV 81.3 MPH)
|
|
Batting: LHB Pedro Nunez
|
0-0: Ball 1-0: Called Strike 1-1: Swinging Strike 1-2: Ball 2-2: Fly out, F8 (Flyball, 8RD, EV 96.9 MPH)
|
| Bottom of the 3rd over - 0 runs, 0 hits, 0 errors, 0 left on base; West Palm Beach 1 - Tampa 2 |
| TOP OF THE 4TH |
|
West Palm Beach Expos batting - Pitching for Tampa Pirates : RHP Andre Patillo
|
|
Batting: LHB Jesus Alfes
|
0-0: Ball 1-0: Swinging Strike 1-1: Ball 2-1: Swinging Strike 2-2: Ball 3-2: Reached on error, E5 (Groundball, 56S, EV 91.3 MPH)
|
|
Batting: RHB Matthew Gundelfinger
|
0-0: Called Strike 0-1: DOUBLE (Groundball, 5L, EV 102.5 MPH) Jesus Alfes to third
|
|
Batting: RHB Humberto Cardenas
|
0-0: Called Strike 0-1: Ball 1-1: Foul Ball, location: 2F 1-2: Ball 2-2: Ball 3-2: Base on Balls
|
|
Batting: RHB David DaCosta
|
0-0: Ball 1-0: Swinging Strike 1-1: Foul Ball, location: 2F 1-2: Foul Ball, location: 2F 1-2: Ball 2-2: Grounds into double play, 4-6-3 (Groundball, 4M, EV 83.8 MPH) Jesus Alfes scores Matthew Gundelfinger to third
|
|
Batting: RHB Roland Oruna
|
0-0: Ball 1-0: Called Strike 1-1: Ball 2-1: Ball 3-1: Swinging Strike 3-2: Foul Ball, location: 2F 3-2: Ground out U3 (Groundball, 34, EV 106.9 MPH)
|
| Top of the 4th over - 1 run, 1 hit, 1 error, 1 left on base; West Palm Beach 2 - Tampa 2 |
| BOTTOM OF THE 4TH |
|
Tampa Pirates batting - Pitching for West Palm Beach Expos : RHP Carlos Montano
|
|
Batting: RHB Roy Wolfe
|
0-0: Ball 1-0: Foul Ball, location: 2F 1-1: Swinging Strike 1-2: Ball 2-2: Ball 3-2: Base on Balls
|
|
Batting: LHB David Frederick
|
0-0: Called Strike Roy Wolfe steals 2nd, throwing error, E2 Roy Wolfe to third 0-1: Ball 1-1: 2-RUN HOME RUN (Flyball, 9LD, EV 96.9 MPH), Distance : 364 ft
|
|
Batting: RHB Cliff Pastornicky
|
0-0: Called Strike 0-1: Ball 1-1: Ball 2-1: Ball 3-1: Called Strike 3-2: Base on Balls
|
|
Batting: RHB James Padula
|
0-0: Ball 1-0: Called Strike 1-1: Called Strike 1-2: Fly out, F7 (Flyball, 7S, EV 75.6 MPH)
|
|
Batting: RHB Erwin Bryant
|
0-0: Ball 1-0: Called Strike 1-1: Ball 2-1: Fielders Choice at 2nd, 6-4 (Groundball, 6, EV 101.3 MPH)
|
|
Batting: RHB Roy Dixon
|
0-0: Foul Ball, location: 2F 0-1: Ball 1-1: Ball 2-1: Ball Erwin Bryant steals 2nd, throwing error, E2 Erwin Bryant to third 3-1: Foul Ball, location: 2F 3-2: SINGLE (Line Drive, 56D, EV 95.0 MPH) Erwin Bryant scores
|
|
Batting: RHB Charles Jennings
|
0-0: Called Strike 0-1: Ball Roy Dixon steals 2nd base 1-1: Foul Ball, location: 2F 1-2: Ground out 4-3 (Groundball, 34, EV 103.1 MPH)
|
| Bottom of the 4th over - 3 runs, 2 hits, 2 errors, 1 left on base; West Palm Beach 2 - Tampa 5 |
| TOP OF THE 5TH |
|
West Palm Beach Expos batting - Pitching for Tampa Pirates : RHP Andre Patillo
|
|
Batting: RHB Steve Kiefer
|
0-0: Called Strike 0-1: Ball 1-1: Swinging Strike 1-2: Foul Ball, location: 2F 1-2: Strikes out swinging
|
|
Batting: SHB Terry Pendleton
|
0-0: Called Strike 0-1: Ball 1-1: Foul Ball, location: 2F 1-2: Foul Ball, location: 2F 1-2: Ball 2-2: Ground out 5-3 (Groundball, 5, EV 109.4 MPH)
|
|
Batting: LHB Keith Hughes
|
0-0: Ground out 6-3 (Groundball, 6, EV 96.3 MPH)
|
| Top of the 5th over - 0 runs, 0 hits, 0 errors, 0 left on base; West Palm Beach 2 - Tampa 5 |
| BOTTOM OF THE 5TH |
|
Tampa Pirates batting - Pitching for West Palm Beach Expos : RHP Carlos Montano
|
|
Batting: RHB Ricky Jones
|
0-0: Ball 1-0: Ground out 4-3 (Groundball, 34D, EV 107.5 MPH)
|
|
Batting: LHB Pedro Nunez
|
0-0: Ground out 5-3 (Groundball, 56, EV 103.8 MPH)
|
|
Batting: RHB Roy Wolfe
|
0-0: Ball 1-0: Foul Ball, location: 2F 1-1: SINGLE (Line Drive, 4MD, EV 99.4 MPH)
|
|
Pitching: LHP Elmer Cavner
|
|
|
Batting: LHB David Frederick
|
0-0: Called Strike 0-1: Called Strike 0-2: Fly out, F6 (Flyball, 6D, EV 78.1 MPH)
|
| Bottom of the 5th over - 0 runs, 1 hit, 0 errors, 1 left on base; West Palm Beach 2 - Tampa 5 |
| TOP OF THE 6TH |
|
West Palm Beach Expos batting - Pitching for Tampa Pirates : RHP Andre Patillo
|
|
Batting: RHB Don Berti
|
0-0: Ball 1-0: Foul Ball, location: 2F 1-1: Called Strike 1-2: Ball 2-2: Ball 3-2: SINGLE (Line Drive, 9S, EV 100.6 MPH)
|
|
Batting: LHB Jesus Alfes
|
0-0: Called Strike 0-1: Bunted foul 0-2: SINGLE (Flyball, 34D, EV 91.3 MPH) Don Berti to second
|
|
Batting: RHB Matthew Gundelfinger
|
0-0: Called Strike 0-1: Ball 1-1: Swinging Strike 1-2: SINGLE (Line Drive, 7S, EV 92.5 MPH) Don Berti to third Jesus Alfes to second Runner from 3rd tries for Home, SAFE, throw by LF to home Jesus Alfes to third Matthew Gundelfinger to second
|
|
Batting: RHB Humberto Cardenas
|
0-0: Ball 1-0: Ball 2-0: Ball 3-0: Called Strike 3-1: Base on Balls
|
|
Batting: RHB David DaCosta
|
0-0: Ball 1-0: Called Strike 1-1: Called Strike 1-2: Foul Ball, location: 2F 1-2: Foul Ball, location: 2F 1-2: Ball 2-2: Strikes out swinging
|
|
Batting: RHB Roland Oruna
|
0-0: Ball 1-0: Ball 2-0: Swinging Strike 2-1: Ball 3-1: Foul Ball, location: 2F 3-2: Base on Balls Jesus Alfes scores Matthew Gundelfinger to third Humberto Cardenas to second
|
|
Batting: RHB Steve Kiefer
|
0-0: Swinging Strike 0-1: Fly out, F6 (Popup, 6MS, EV 58.8 MPH)
|
|
Batting: SHB Terry Pendleton
|
0-0: Ground out 4-3 (Groundball, 4, EV 102.5 MPH)
|
| Top of the 6th over - 2 runs, 3 hits, 0 errors, 3 left on base; West Palm Beach 4 - Tampa 5 |
| BOTTOM OF THE 6TH |
|
Tampa Pirates batting - Pitching for West Palm Beach Expos : LHP Elmer Cavner
|
|
Batting: RHB Cliff Pastornicky
|
0-0: Swinging Strike 0-1: Ground out 6-3 (Groundball, 6, EV 88.1 MPH)
|
|
Batting: RHB James Padula
|
0-0: Called Strike 0-1: Called Strike 0-2: Ball 1-2: Ball 2-2: Foul Ball, location: 2F 2-2: Foul Ball, location: 2F 2-2: Ball 3-2: Ground out 6-3 (Groundball, 56, EV 90.0 MPH)
|
|
Batting: RHB Erwin Bryant
|
0-0: Ball 1-0: Fly out, F8 (Flyball, 78M, EV 86.9 MPH)
|
| Bottom of the 6th over - 0 runs, 0 hits, 0 errors, 0 left on base; West Palm Beach 4 - Tampa 5 |
| TOP OF THE 7TH |
|
West Palm Beach Expos batting - Pitching for Tampa Pirates : RHP Andre Patillo
|
|
Batting: LHB Keith Hughes
|
0-0: Called Strike 0-1: SINGLE (Line Drive, 56D, EV 104.4 MPH)
|
|
Batting: RHB Don Berti
|
0-0: Foul Ball, location: 2F 0-1: Ball 1-1: Foul Ball, location: 2F 1-2: Strikes out swinging
|
|
Batting: LHB Jesus Alfes
|
0-0: Ball 1-0: Fielders Choice at 2nd, 4-6 (Groundball, 4M, EV 78.1 MPH)
|
|
Batting: RHB Matthew Gundelfinger
|
0-0: Ball 1-0: Ball 2-0: Ground out U3 (Groundball, 34, EV 81.3 MPH)
|
| Top of the 7th over - 0 runs, 1 hit, 0 errors, 1 left on base; West Palm Beach 4 - Tampa 5 |
| BOTTOM OF THE 7TH |
|
Tampa Pirates batting - Pitching for West Palm Beach Expos : LHP Elmer Cavner
|
|
Batting: RHB Roy Dixon
|
0-0: Ground out 6-3 (Groundball, 6M, EV 106.9 MPH)
|
|
Batting: RHB Charles Jennings
|
0-0: Called Strike 0-1: Ball 1-1: Ball 2-1: Swinging Strike 2-2: Ball 3-2: Foul Ball, location: 2F 3-2: Foul Ball, location: 2F 3-2: Foul Ball, location: 2F 3-2: SINGLE (Groundball, 56S, EV 67.5 MPH) (infield hit)
|
|
Batting: RHB Ricky Jones
|
0-0: Called Strike 0-1: SINGLE (Line Drive, 6MD, EV 98.1 MPH) Charles Jennings to second
|
|
Batting: LHB Pedro Nunez
|
0-0: Fly out, F8 (Flyball, 8RD, EV 101.9 MPH)
|
|
Batting: RHB Roy Wolfe
|
0-0: Ball 1-0: Called Strike 1-1: Called Strike 1-2: Ball 2-2: Strikes out swinging
|
| Bottom of the 7th over - 0 runs, 2 hits, 0 errors, 2 left on base; West Palm Beach 4 - Tampa 5 |
| TOP OF THE 8TH |
|
West Palm Beach Expos batting - Pitching for Tampa Pirates : RHP Andre Patillo
|
|
Batting: RHB Humberto Cardenas
|
0-0: Called Strike 0-1: Ground out U3 (Groundball, 3S, EV 73.1 MPH)
|
|
Batting: RHB David DaCosta
|
0-0: Called Strike 0-1: Ball 1-1: Swinging Strike 1-2: Fly out, F7 (Flyball, 78M, EV 91.9 MPH)
|
|
Batting: RHB Roland Oruna
|
0-0: Ball 1-0: Called Strike 1-1: Ball 2-1: Hit by Pitch
|
|
Pinch Hitting: SHB Mark Pirruccello
|
0-0: Fly out, F6 (Popup, 6D, EV 43.8 MPH)
|
| Top of the 8th over - 0 runs, 0 hits, 0 errors, 1 left on base; West Palm Beach 4 - Tampa 5 |
| BOTTOM OF THE 8TH |
|
Tampa Pirates batting - Pitching for West Palm Beach Expos : LHP Elmer Cavner
|
|
Now at 3B: Melvin Freeman
|
|
|
Batting: LHB David Frederick
|
0-0: Ball 1-0: Ball 2-0: Called Strike 2-1: SINGLE (Groundball, 4D, EV 106.9 MPH)
|
|
Batting: RHB Cliff Pastornicky
|
0-0: Sac Bunt to 23 - play at first, batter OUT! 3-4 David Frederick to second
|
|
Batting: RHB James Padula
|
0-0: Called Strike 0-1: Ball 1-1: Ball 2-1: Ball 3-1: Called Strike 3-2: Strikes out looking
|
|
Pitching: LHP Marion Thackston
|
|
|
Batting: RHB Erwin Bryant
|
0-0: Swinging Strike 0-1: Ball 1-1: Foul Ball, location: 2F 1-2: Ground out 5-3 (Groundball, 56S, EV 83.1 MPH)
|
| Bottom of the 8th over - 0 runs, 1 hit, 0 errors, 1 left on base; West Palm Beach 4 - Tampa 5 |
| TOP OF THE 9TH |
|
West Palm Beach Expos batting - Pitching for Tampa Pirates : RHP Andre Patillo
|
|
Pitching: RHP Brian McCaslin
|
|
|
Batting: SHB Terry Pendleton
|
0-0: Ball 1-0: DOUBLE (Line Drive, 5D, EV 107.5 MPH)
|
|
Batting: LHB Keith Hughes
|
0-0: Ball 1-0: Called Strike 1-1: Ball 2-1: Foul Ball, location: 2F 2-2: Foul Ball, location: 2F 2-2: Ball 3-2: Fly out, F9 (Line Drive, 9, EV 110.6 MPH)
|
|
Batting: RHB Don Berti
|
0-0: Swinging Strike 0-1: Foul Ball, location: 2F 0-2: Ball 1-2: Strikes out looking
|
|
Batting: LHB Jesus Alfes
|
0-0: SINGLE (Line Drive, 8RM, EV 106.3 MPH) Terry Pendleton to third Runner from 3rd tries for Home, SAFE, throw by CF to home
|
|
Batting: RHB Matthew Gundelfinger
|
0-0: Called Strike 0-1: Swinging Strike 0-2: Foul Ball, location: 2F 0-2: Ball 1-2: Foul Ball, location: 2F 1-2: Strikes out swinging
|
| Top of the 9th over - 1 run, 2 hits, 0 errors, 1 left on base; West Palm Beach 5 - Tampa 5 |
| BOTTOM OF THE 9TH |
|
Tampa Pirates batting - Pitching for West Palm Beach Expos : LHP Marion Thackston
|
|
Batting: RHB Roy Dixon
|
0-0: Called Strike 0-1: Swinging Strike 0-2: Ball 1-2: Strikes out swinging passed ball, reaches first!
|
|
Batting: RHB Charles Jennings
|
0-0: Bunt missed! 0-1: Bunted foul 0-2: Ball 1-2: Ball Roy Dixon steals 2nd base 2-2: Ball 3-2: Foul Ball, location: 2F 3-2: Base on Balls
|
|
Batting: RHB Ricky Jones
|
0-0: Grounds into double play, 4-6-3 (Groundball, 4, EV 79.4 MPH) Roy Dixon to third
|
|
Batting: LHB Pedro Nunez
|
0-0: Fly out, F7 (Flyball, 7D, EV 105.6 MPH)
|
| Bottom of the 9th over - 0 runs, 0 hits, 0 errors, 1 left on base; West Palm Beach 5 - Tampa 5 |
| TOP OF THE 10TH |
|
West Palm Beach Expos batting - Pitching for Tampa Pirates : RHP Brian McCaslin
|
|
Batting: RHB Humberto Cardenas
|
0-0: Ball 1-0: Foul Ball, location: 2F 1-1: SINGLE (Groundball, 34D, EV 103.8 MPH)
|
|
Pitching: LHP Steven Lerner
|
|
|
Batting: RHB David DaCosta
|
0-0: Bunted foul 0-1: Bunt missed! 0-2: Ball 1-2: Fly out, F8 (Flyball, 8LM, EV 83.8 MPH)
|
|
Batting: RHB Roland Oruna
|
0-0: Ball 1-0: Called Strike 1-1: Foul Ball, location: 2F 1-2: SINGLE (Line Drive, 34D, EV 95.6 MPH) Humberto Cardenas to second Runner from 2nd tries for 3rd, SAFE, no throw by RF
|
|
Batting: RHB Melvin Freeman
|
0-0: Swinging Strike 0-1: Swinging Strike 0-2: Ball 1-2: Strikes out swinging
|
|
Batting: SHB Terry Pendleton
|
0-0: Called Strike 0-1: Ball 1-1: Swinging Strike 1-2: Fly out, F9 (Line Drive, 9, EV 102.5 MPH)
|
| Top of the 10th over - 0 runs, 2 hits, 0 errors, 2 left on base; West Palm Beach 5 - Tampa 5 |
| BOTTOM OF THE 10TH |
|
Tampa Pirates batting - Pitching for West Palm Beach Expos : LHP Marion Thackston
|
|
Pitching: RHP Michael Vint
|
|
|
Batting: RHB Roy Wolfe
|
0-0: Called Strike 0-1: Ball 1-1: SINGLE (Line Drive, 89S, EV 95.0 MPH)
|
|
Batting: LHB David Frederick
|
0-0: Ball 1-0: Fly out, F4 (Popup, 34D, EV 56.3 MPH)
|
|
Batting: RHB Cliff Pastornicky
|
0-0: Called Strike 0-1: Ball 1-1: Foul Ball, location: 2F 1-2: Ball 2-2: Foul Ball, location: 2F 2-2: Foul Ball, location: 2F 2-2: Strikes out swinging
|
|
Pinch Hitting: LHB Kevin Young
|
0-0: Ball 1-0: Ball 2-0: Foul Ball, location: 2F 2-1: Ball 3-1: Called Strike 3-2: Ground out U3 (Groundball, 3S, EV 68.8 MPH)
|
| Bottom of the 10th over - 0 runs, 1 hit, 0 errors, 1 left on base; West Palm Beach 5 - Tampa 5 |
| TOP OF THE 11TH |
|
West Palm Beach Expos batting - Pitching for Tampa Pirates : LHP Steven Lerner
|
|
Now at C: John Westmoreland
|
|
|
Batting: LHB Keith Hughes
|
0-0: Ball 1-0: Called Strike 1-1: Foul Ball, location: 2F 1-2: SINGLE (Flyball, 89S, EV 87.5 MPH)
|
|
Batting: RHB Don Berti
|
0-0: Ball 1-0: Ball 2-0: Swinging Strike 2-1: Ball 3-1: Base on Balls Keith Hughes to second
|
|
Batting: LHB Jesus Alfes
|
0-0: Bunted foul 0-1: Bunt missed! 0-2: Ball 1-2: Reached via error on a dropped throw from P, E6 (Groundball, 13S, EV 67.5 MPH) Keith Hughes to third Don Berti to second
|
|
Batting: RHB Matthew Gundelfinger
|
0-0: Swinging Strike 0-1: SINGLE (Groundball, 56D, EV 100.0 MPH) Keith Hughes scores Don Berti to third Jesus Alfes to second Runner from 3rd tries for Home, SAFE, throw by LF to home
|
|
Batting: RHB Humberto Cardenas
|
0-0: Sac Bunt to 13S - play at first, batter OUT! 1-3 Jesus Alfes to third Matthew Gundelfinger to second
|
|
Batting: RHB David DaCosta
|
0-0: Called Strike 0-1: Foul Ball, location: 2F 0-2: Strikes out swinging
|
|
Batting: RHB Roland Oruna
|
0-0: Ball 1-0: Foul Ball, location: 2F 1-1: Ball 2-1: Ball 3-1: Base on Balls
|
|
Pitching: RHP Eugene Norman
|
|
|
Batting: RHB Melvin Freeman
|
0-0: Called Strike 0-1: Foul Ball, location: 2F 0-2: Foul Ball, location: 2F 0-2: Strikes out swinging
|
| Top of the 11th over - 2 runs, 2 hits, 1 error, 3 left on base; West Palm Beach 7 - Tampa 5 |
| BOTTOM OF THE 11TH |
|
Tampa Pirates batting - Pitching for West Palm Beach Expos : RHP Michael Vint
|
|
Batting: RHB Erwin Bryant
|
0-0: Fly out, F6 (Popup, 6MD, EV 55.6 MPH)
|
|
Batting: RHB Roy Dixon
|
0-0: Foul Ball, location: 2F 0-1: Ball 1-1: Foul Ball, location: 2F 1-2: Ball 2-2: Ball 3-2: Strikes out swinging
|
|
Batting: RHB Charles Jennings
|
0-0: Swinging Strike 0-1: Ball 1-1: Ball 2-1: Foul Ball, location: 2F 2-2: Ball 3-2: Fly out, F8 (Flyball, 8RD, EV 106.9 MPH)
|
| Bottom of the 11th over - 0 runs, 0 hits, 0 errors, 0 left on base; West Palm Beach 7 - Tampa 5 |
|